AoeStats
← shalevwood

MegaRandom

510148139Analyzed
4v4 RM · 3d ago on Sep 29, 2026· 47m 6s· 8 players
Game mode
Random Map
Map size
Large (8 player)
Population
200
Speed
Normal
Resources
Standard
Victory
Conquest
Starting age
Dark Age
Ending age
Imperial Age
RankedLock teamsTeams togetherTeam positionsShared explorationLock speedFull tech treeHidden civsTurbo modeCheats
Victory
Defeat
🇫🇷 Japanese · France
1064
+14
🇩🇪 Danes · Germany
1013
+16
🇫🇷 Ethiopians · France
980
+17
🇩🇪 Persians · Germany
937
+20
🇹🇷 Persians · Türkiye
1062
-19
🇮🇱 Magyars · Israel
1003
-16
🇨🇱 Teutons · Chile
999
-16
🇪🇸 Magyars · Spain
987
-16
CoffeeRhyme7095
10:47 Feudal Age
9:03 Loom
16:30 Castle Age
15:01 Horse Collar
17:09 Town Watch
17:27 Heavy Plow
18:01 Husbandry
19:36 Gold Mining
21:39 Fletching
23:33 Padded Archer Armor
24:30 Leather Archer Armor
26:19 Scale Barding Armor
28:17 Wheelbarrow
29:17 Bodkin Arrow
30:05 Stone Mining
30:44 Ballistics
30:32 Double-Bit Axe
31:32 Bow Saw
34:45 Chain Barding Armor
34:58 Bloodlines
35:09 Hand Cart
44:11 Imperial Age
shalevwood
10:53 Feudal Age
12:00 Double-Bit Axe
13:00 Bloodlines
13:49 Horse Collar
16:10 Fletching
31:49 Stone Mining
32:27 Loom
33:52 Scale Barding Armor
41:40 Wheelbarrow
Erşan Kuneri
4:55 Loom
10:27 Feudal Age
11:22 Double-Bit Axe
19:22 Castle Age
17:35 Horse Collar
21:02 Bow Saw
22:09 Elite Skirmisher
24:04 Fletching
27:44 Bodkin Arrow
27:49 Padded Archer Armor
29:45 Murder Holes
30:11 Ballistics
30:05 Kamandaran
31:39 Thumb Ring
30:55 Crossbowman
32:27 Leather Archer Armor
36:29 Imperial Age
34:30 Medium Warships
34:41 Heavy Plow
34:56 Forging
35:49 Wheelbarrow
36:43 Hand Cart
36:15 Town Watch
37:30 Conscription
38:47 Chemistry
38:46 Elite War Elephant
40:52 Iron Casting
40:24 Scale Barding Armor
42:00 Ring Archer Armor
42:33 Blast Furnace
43:02 Chain Barding Armor
47:38 Plate Barding Armor
47:32 Town Patrol
UnTalPeluca
13:57 Feudal Age
19:51 Castle Age
17:40 Man-at-Arms
18:39 Double-Bit Axe
22:30 Horse Collar
24:28 Forging
25:08 Scale Mail Armor
27:24 Ironclad
27:26 Chain Mail Armor
28:43 Squires
29:53 Bow Saw
35:43 Imperial Age
34:01 Pikeman
35:49 Capped Ram
36:46 Halberdier
38:24 Iron Casting
38:19 Plate Mail Armor
39:01 Heavy Plow
40:16 Blast Furnace
40:52 Plate Mail Armor
41:36 Conscription
Sassomu
5:35 Loom
11:27 Feudal Age
11:28 Man-at-Arms
11:56 Arson
15:21 Scale Mail Armor
16:57 Forging
19:28 Wheelbarrow
18:38 Horse Collar
18:53 Double-Bit Axe
24:24 Castle Age
23:25 Fletching
23:35 Padded Archer Armor
25:43 Iron Casting
25:23 Chain Mail Armor
24:31 Long Swordsman
25:13 Squires
24:59 Gambesons
26:55 Gold Mining
27:08 Heavy Plow
27:23 Bow Saw
28:14 Elite Skirmisher
28:47 Fletching
30:46 Hand Cart
32:21 Stone Mining
33:07 Gold Shaft Mining
35:00 Bodkin Arrow
36:42 Town Watch
39:10 Padded Archer Armor
47:20 Imperial Age
lyonnais--86
8:58 Loom
11:35 Feudal Age
12:37 Double-Bit Axe
16:23 Fletching
16:34 Padded Archer Armor
17:12 Wheelbarrow
26:46 Castle Age
27:44 Bow Saw
27:06 Crossbowman
27:52 Thumb Ring
27:49 Bodkin Arrow
31:11 Leather Archer Armor
32:53 Ballistics
33:01 Squires
32:47 Arson
34:59 Scale Mail Armor
35:10 Forging
44:28 Imperial Age
43:35 Hand Cart
43:06 Town Watch
46:53 Chemistry
45:43 Arbalester
TopicKilleR
5:02 Loom
5:36 Loom
11:32 Feudal Age
16:36 Castle Age
23:11 Imperial Age
24:16 Scale Mail Armor
24:27 Forging
27:25 Chain Mail Armor
27:46 Iron Casting
35:52 Double-Bit Axe
36:37 Padded Archer Armor
36:27 Fletching
42:30 Fishing Lines
45:39 Elite Skirmisher
WeLoveRust
4:37 Loom
13:08 Feudal Age
17:02 Castle Age
15:23 Double-Bit Axe
16:42 Stone Mining
16:46 Gold Mining
16:40 Horse Collar
24:35 Heavy Plow
28:04 Scale Barding Armor
28:53 Forging
29:04 Bloodlines
35:48 Chain Barding Armor
36:04 Iron Casting
38:33 Husbandry
43:40 Imperial Age
46:51 Bow Saw
Connection lost

Rejoining the realm…

Still unreachable

The connection could not be restored.

Session expired

The server has moved on; the page needs a fresh start.